 Dungeon Crawl Stone Soup version 0.31-a0-997-g9a2f3ffc92 (webtiles) character file.

Game seed: 11191077967720951750

62334 Dirtsage the Severer (level 14, -14/166 HPs)
             Began as a Demonspawn Berserker on Nov 7, 2023.
             Was the Champion of Trog.
             Demolished by an ettin
             ... wielding a +0 dire flail
              (16 damage)
             ... on level 2 of the Orcish Mines.
             The game lasted 00:30:36 (17738 turns).

Dirtsage the Severer (Demonspawn Berserker)        Turns: 17738, Time: 00:30:36

Health: -14/166    AC: 29    Str: 22    XL:     14   Next: 64%
Magic:  14/14      EV: 15    Int:  9    God:    Trog [******]
Gold:   1433       SH:  0    Dex: 13    Spells: 13/13 levels left

rFire   + . .        U - +4 executioner's axe (flame)
rCold   . . .        (shield currently unavailable)
rNeg    . . .        Q - +3 chain mail
rPois   .            R - +1 hat
rElec   .            Z - +2 cloak
rCorr   .            f - +2 pair of gloves
SInv    .            Y - +2 pair of boots
Will    +....        T - amulet of regeneration Stlth
                     r - +4 ring of protection
HPRegen 1.27/turn    F - ring of protection from fire
MPRegen 0.14/turn

%: no passive effects
@: berserking, very quick
A: antennae 1, repulsion field 2, ignite blood 2
a: Renounce Religion, Berserk, Trog's Hand, Brothers in Arms


You were on level 2 of the Orcish Mines.
You worshipped Trog.
Trog was exalted by your worship.
You visited 4 branches of the dungeon, and saw 19 of its levels.
You also visited: Sewer.

You collected 1433 gold pieces.

Inventory:

Hand Weapons
 v - a +1 war axe
 G - a +1 battleaxe of electrocution
 U - a +4 executioner's axe of flaming (weapon)
Missiles
 K - 3 curare-tipped darts
 L - 5 throwing nets
Armour
 f - a +2 pair of gloves (worn)
 i - a +0 kite shield
 D - +0 acid dragon scales
 Q - a +3 chain mail (worn)
 R - a +1 hat (worn)
 Y - a +2 pair of boots (worn)
 Z - a +2 cloak (worn)
Jewellery
 r - a +4 ring of protection (left hand)
 w - an amulet of magic regeneration
 F - a ring of protection from fire (right hand)
 I - a ring of protection from cold
 N - a ring of positive energy
 P - a ring of poison resistance
 T - an amulet of regeneration (around neck)
Wands
 b - a wand of light (7)
 y - a wand of polymorph (13)
 M - a wand of iceblast (5)
 V - a wand of flame (13)
 W - a wand of charming (5)
Scrolls
 c - 2 scrolls of noise
 e - 2 scrolls of fog
 g - a scroll of revelation
 j - 7 scrolls of enchant armour
 k - a scroll of enchant weapon
 p - 3 scrolls of immolation
 s - 2 scrolls of silence
 t - 5 scrolls of teleportation
 B - 3 scrolls of blinking
 C - 5 scrolls of vulnerability
 E - 2 scrolls of summoning
 J - a scroll of amnesia
Potions
 h - 3 potions of haste
 l - 4 potions of heal wounds
 o - 6 potions of mutation
 q - 19 potions of curing
 u - a potion of magic
 x - 3 potions of enlightenment
 z - a potion of invisibility {unknown}
 A - a potion of might {unknown}
 S - a potion of berserk rage
 X - a potion of lignification


   Skills:
 + Level 10.7 Fighting
 * Level 16.2 Axes
 + Level 9.6 Armour
 + Level 9.5 Dodging
 + Level 7.8 Shapeshifting


You had 13 spell levels left.
You didn't know any spells.
Your spell library contained the following spells:

 Spells                   Type           Power      Damage    Failure   Level
 Apportation              Tloc           0%         N/A       89%         1
 Freeze                   Ice            0%         1d3       89%         1
 Magic Dart               Conj           0%         1d3       89%         1
 Necrotise                Necr           0%         1d4       89%         1
 Summon Small Mammal      Summ           0%         N/A       89%         1
 Call Imp                 Summ           0%         N/A       96%         2
 Cigotuvi's Dreadful Rot  Necr/Pois/Air  0%         N/A       96%         2
 Jinxbite                 Hex            0%         N/A       96%         2
 Searing Ray              Conj           0%         2d4       96%         2
 Call Canine Familiar     Summ           0%         N/A       99%         3
 Frozen Ramparts          Ice            0%         1d1       99%         3
 Hailstorm                Conj/Ice       0%         3d3       99%         3
 Mephitic Cloud           Conj/Pois/Air  0%         N/A       99%         3
 Ozocubu's Armour         Ice            0%         N/A       99%         3
 Summon Guardian Golem    Hex/Summ       0%         N/A       99%         3
 Vampiric Draining        Necr           0%         2d6       99%         3
 Brom's Barrelling Bould  Conj/Erth      0%         2d3       100%        4
 Dispel Undead            Necr           0%         3d6       100%        4
 Fulminant Prism          Conj/Hex       0%         3d5       100%        4
 Agony                    Necr           0%         N/A       100%        5
 Alistair's Intoxication  Tmut/Pois      0%         N/A       100%        5
 Fireball                 Conj/Fire      0%         3d3       100%        5
 Iskenderun's Battlesphe  Conj           0%         2d6       100%        5
 Conjure Ball Lightning   Conj/Air       0%         3x3d6     100%        6
 Death Channel            Necr           0%         N/A       100%        6
 Orb of Destruction       Conj           0%         9d5       100%        7
 Ozocubu's Refrigeration  Ice            0%         4d7       100%        7


Dungeon Overview and Level Annotations

Branches:
Dungeon (11/15)            Temple (1/1) D:7            Lair (5/5) D:10
 Shoals (0/4) Lair:2        Snake (0/4) Lair:2        Slime (0/5) Lair:4
    Orc (2/2) D:11            Elf (0/3) Orc:2         Sewer (visited)

Altars:
Ashenzari
Cheibriados
Dithmenos
Fedhas
Gozag
Hepliaklqana
Kikubaaqudgha
Makhleb
Nemelex Xobeh
Okawaru
Qazlal
Ru
Sif Muna
Trog
Uskayaw
Vehumet
Wu Jian
Xom
Yredelemnul
Jiyva

Shops:
D:1 *   D:8 :   D:9 =


Innate Abilities, Weirdness & Mutations

You have a pair of small antennae on your head.
You are surrounded by a moderate repulsion field. (EV +3)
Your demonic aura often causes spilled blood to erupt in flames.


Message History

The troll is almost dead.
The troll is engulfed in blazing flames.
You kill the troll!
Trog accepts your kill.
No target in view!
Your movement speed is average.
Your attack delay is about 1.0.
Your damage rating with your +4 executioner's axe of flaming is about 40 (Base 18 x 130% (Str) x 155% (Skill) + 4 (Ench)).
Unknown command.
Setting a skill training target for Axes at 24.0.
HP restored.
An ettin comes into view. It is wielding two +0 dire flails.
The ettin shouts in stereo!
You hear a shout!
Health restored: 111 You see here 7 gold pieces.
The ettin misses you. The ettin hits you but does no damage.
You slash the ettin! You burn the ettin.
The ettin is lightly wounded.
The ettin is engulfed in blazing flames.
The ettin hits you with a +0 dire flail!! x2
You take 57 damage, and have 54/111 hp.
MASSIVE DAMAGE!!
You barely miss the ettin.
The ettin is moderately wounded.
The ettin is engulfed in blazing flames.
The ettin hits you with a +0 dire flail!!
* * * LOW HITPOINT WARNING * * *
The ettin hits you with a +0 dire flail!
* * * LOW HITPOINT WARNING * * *
You take 36 damage, and have 18/111 hp.
MASSIVE DAMAGE!!
A red film seems to cover your vision as you go berserk!
You feel yourself moving faster!
You feel mighty!
The ettin is engulfed in blazing flames.
The ettin hits you with a +0 dire flail!!
* * * LOW HITPOINT WARNING * * *
The ettin hits you but does no damage.
You now have 1/166 hp.
You hit the ettin. You burn the ettin.
The ettin is heavily wounded.
The ettin is engulfed in blazing flames.
The ettin hits you with a +0 dire flail!
You die...

##. #......
.... .......
##... .......
#.... .......
#....###.......
#....#......##
#..#.○.°....#
##>.°@C....#
##..$.○#.....#
#...........##
#..........##
#...........#
##..........##
#.............
#......†......
#......)......


You could see an ettin.

Vanquished Creatures
  Kirke (Lair:3)
  Snorg (D:11)
  A fire dragon (Lair:5)
  Josephine (Lair:4)
  2 hydras
  Harold (D:11)
  A boulder beetle (Lair:2)
  Erica (Lair:1)
  9 death yaks
  A two-headed ogre (D:11)
  Nergalle (D:11)
  A skyshark (Lair:3)
  A lindwurm (Lair:5)
  An orc sorcerer (Orc:2)
  An ugly thing (D:10)
  A salamander (Lair:2)
  14 elephants
  An oklob plant (Lair:4)
  Maurice (D:9)
  13 cane toads
  13 black mambas
  3 molten gargoyles (Lair:5)
  2 gargoyles (D:10)
  Maggie (D:8)
  A kobold demonologist (D:10)
  10 komodo dragons
  5 rime drakes
  4 trolls
  3 polar bears
  A merfolk (Lair:2)
  A hornet (Lair:4)
  22 blink frogs
  4 slime creatures (D:11)
  A shadow (D:10)
  5 wraiths
  65 yaks
  5 wyverns
  5 basilisks
  3 hogs (Lair:3)
  4 steam dragons
  Edmund (D:5)
  Duvessa (D:4)
  Menkaure (D:4)
  2 wargs (D:10)
  13 water moccasins
  2 nagas (Lair:2)
  4 hell hounds (Lair:5)
  12 orc warriors
  An ice beast (D:6)
  5 black bears
  2 sky beasts
  12 wolves
  An ogre (Orc:2)
  5 centaurs
  A phantom (D:4)
  6 kobold brigands
  4 bullfrogs
  A gnoll sergeant (D:7)
  4 scorpions
  13 wights
  Dowan (D:4)
  5 electric eels
  5 howler monkeys
  A centaur zombie (D:8)
  4 jellies
  6 lava snakes
  14 orc priests
  2 gnoll boudas
  3 hounds
  3 iguanas
  16 orc wizards
  5 sleepcaps
  A killer bee zombie (D:8)
  2 ogre zombies (D:8)
  A mummy (D:8)
  11 gnolls
  8 adders
  A river rat (Sewer)
  A white imp (D:7)
  3 worms
  6 dart slugs
  51 orcs
  9 bats
  6 endoplasms
  8 giant cockroaches
  5 goblins
  6 hobgoblins
  7 jackals
  2 quokkas
  12 ball pythons
  2 frilled lizards
  24 kobolds
  7 rats
541 creatures vanquished.

Notes
Turn   | Place    | Note
-------+----------+-------------------------------------------
     0 | D:1      | Dirtsage the Demonspawn Berserker began the quest for the
                  | Orb.
     0 | D:1      | Reached XP level 1. HP: 18/18 MP: 1/1
   176 | D:1      | Reached skill level 3 in Axes
   190 | D:1      | Gained mutation: You are surrounded by a mild repulsion
                  | field. (EV +2) [demonic ancestry]
   190 | D:1      | Reached XP level 2. HP: 22/24 MP: 2/2
   540 | D:1      | Found Jeeg's Assorted Antiques.
   657 | D:2      | Reached XP level 3. HP: 29/29 MP: 3/3
   760 | D:2      | Reached skill level 4 in Axes
   840 | D:2      | Reached ** piety under Trog
  1516 | D:3      | Gained mutation: Your demonic aura sometimes causes spilled
                  | blood to erupt in flames. [demonic ancestry]
  1516 | D:3      | Reached XP level 4. HP: 27/35 MP: 4/4
  1520 | D:3      | Reached skill level 5 in Axes
  1525 | D:3      | Reached XP level 5. HP: 30/41 MP: 5/5
  1898 | D:3      | Reached *** piety under Trog
  1899 | D:3      | Reached skill level 6 in Axes
  2162 | D:4      | Noticed a phantom
  2185 | D:4      | Killed a phantom
  2186 | D:4      | Gained mutation: You are surrounded by a moderate repulsion
                  | field. (EV +3) [demonic ancestry]
  2186 | D:4      | Reached XP level 6. HP: 44/47 MP: 6/6
  2282 | D:4      | Noticed Menkaure
  2289 | D:4      | Killed Menkaure
  2290 | D:4      | Reached skill level 7 in Axes
  2642 | D:4      | Reached XP level 7. HP: 52/52 MP: 7/7
  2868 | D:4      | Noticed Duvessa
  2868 | D:4      | Noticed Dowan
  2879 | D:4      | Killed Dowan
  2883 | D:4      | Killed Duvessa
  2884 | D:4      | Reached skill level 8 in Axes
  3108 | D:5      | Entered Level 5 of the Dungeon
  3265 | D:5      | Found a glowing drain.
  3273 | Sewer    | Entered a sewer
  3278 | Sewer    | Reached **** piety under Trog
  3684 | D:5      | Noticed a steam dragon
  3693 | D:5      | Noticed a steam dragon
  3702 | D:5      | Killed a steam dragon
  3703 | D:5      | Reached skill level 9 in Axes
  3703 | D:5      | Reached XP level 8. HP: 58/58 MP: 8/8
  3872 | D:5      | Reached skill level 10 in Axes
  4037 | D:5      | Noticed Edmund
  4050 | D:5      | Killed Edmund
  4216 | D:5      | Found a hide-covered altar of Uskayaw.
  4810 | D:6      | Reached skill level 11 in Axes
  4900 | D:6      | Reached XP level 9. HP: 32/63 MP: 9/9
  5973 | D:7      | Found a staircase to the Ecumenical Temple.
  5987 | D:7      | Reached ***** piety under Trog
  5993 | D:7      | Reached skill level 12 in Axes
  6002 | Temple   | Entered the Ecumenical Temple
  6519 | D:8      | Noticed Maggie
  6535 | D:8      | Killed Maggie
  6652 | D:8      | Found Recyec's Book Boutique.
  6847 | D:8      | Found a snail-covered altar of Cheibriados.
  7228 | D:8      | Reached skill level 13 in Axes
  7874 | D:9      | Reached XP level 10. HP: 65/70 MP: 10/10
  8243 | D:9      | Noticed Maurice
  8247 | D:9      | Something stole an amulet of magic regeneration
  8260 | D:9      | Something stole a +1 war axe
  8506 | D:9      | Received a gift from Trog
  8510 | D:9      | Something stole 2 throwing nets
  8512 | D:9      | Something stole 330 gold
  8543 | D:9      | Something stole a throwing net
  8550 | D:9      | Killed Maurice
  8860 | D:9      | Found Oneg's Jewellery Shop.
  8959 | D:10     | Entered Level 10 of the Dungeon
  9053 | D:10     | Reached skill level 5 in Fighting
  9101 | D:10     | Noticed a gargoyle
  9109 | D:10     | Killed a gargoyle
  9186 | D:10     | Reached skill level 1 in Shapeshifting
  9286 | D:10     | Noticed a white ugly thing
  9305 | D:10     | Killed a white ugly thing
  9306 | D:10     | Reached XP level 11. HP: 77/80 MP: 11/11
  9726 | D:10     | Found a staircase to the Lair.
 10134 | Lair:1   | Entered Level 1 of the Lair of Beasts
 10238 | Lair:1   | Reached skill level 5 in Dodging
 10242 | Lair:1   | Reached skill level 5 in Armour
 10370 | Lair:1   | Reached skill level 14 in Axes
 10967 | Lair:1   | Noticed Erica
 10991 | Lair:1   | Killed Erica
 11537 | Lair:2   | Noticed a boulder beetle
 11566 | Lair:2   | Killed a boulder beetle
 11779 | Lair:2   | Gained mutation: Your demonic aura often causes spilled
                  | blood to erupt in flames. [demonic ancestry]
 11779 | Lair:2   | Reached XP level 12. HP: 55/91 MP: 12/12
 11895 | Lair:2   | Found a staircase to the Snake Pit.
 11961 | Lair:2   | Identified the +9 executioner's axe of Sophism {heavy,
                  | +Blink Fly rF+ rC+} (Trog gifted it to you on level 2 of
                  | the Lair of Beasts)
 11961 | Lair:2   | Received a gift from Trog
 12159 | Lair:2   | Noticed a five-headed hydra
 12165 | Lair:2   | Killed a seven-headed hydra
 12492 | Lair:2   | Found a staircase to the Shoals.
 12885 | Lair:3   | Reached skill level 5 in Shapeshifting
 13119 | Lair:3   | Noticed Kirke
 13138 | Lair:3   | Killed Kirke
 13785 | Lair:4   | Gained mutation: You have a pair of small antennae on your
                  | head. [demonic ancestry]
 13785 | Lair:4   | Reached XP level 13. HP: 99/99 MP: 13/13
 13902 | Lair:4   | Reached skill level 15 in Axes
 14552 | Lair:4   | Found a viscous altar of Jiyva.
 14552 | Lair:4   | Found a staircase to the Slime Pits.
 14789 | Lair:4   | Noticed Josephine
 14801 | Lair:4   | Killed Josephine
 15152 | Lair:5   | Entered Level 5 of the Lair of Beasts
 15288 | Lair:5   | Received a gift from Trog
 15343 | Lair:5   | Reached skill level 10 in Fighting
 15488 | Lair:5   | Reached XP level 14. HP: 109/110 MP: 14/14
 16048 | Lair:5   | Reached ****** piety under Trog
 16089 | Lair:5   | Found a large runed translucent door.
 16090 | Lair:5   | Found a large runed translucent door.
 16726 | D:11     | Noticed Harold
 16740 | D:11     | Killed Harold
 16811 | D:11     | Reached skill level 16 in Axes
 16935 | D:11     | Noticed Snorg
 16944 | D:11     | Killed Snorg
 17493 | D:11     | Found a staircase to the Orcish Mines.
 17493 | D:11     | Noticed Nergalle
 17496 | D:11     | Killed Nergalle
 17510 | Orc:1    | Entered Level 1 of the Orcish Mines
 17629 | Orc:2    | Entered Level 2 of the Orcish Mines
 17705 | Orc:2    | Found a staircase to the Elven Halls.
 17737 | Orc:2    | HP: 1/166 [ettin/+0 dire flail (27)]
 17738 | Orc:2    | Demolished by an ettin

Illustrated notes

Levels and vault maps discovered:
D:1:      dpeg_arrival_rooms_b, layout_rooms, serial_shops,
          nicolae_shop_window_shopping, solitary_fountain,
          chequers_serial_rivers_small_3, minmay_stone_trees_medium,
          minmay_hexomino_r4
D:2:      layout_loops_ring
D:3:      layout_rooms, hangedman_abyss_or_decor_lesser_grid
D:4:      dreamdust_elfheim, layout_loops_ring, tso_altar, uniq_menkaure
D:5:      kennysheep_steamy, layout_basic,
          nicolae_uskayaw_murder_on_the_dancefloor, portal_sewer_entry_e,
          hex_medium, dreamdust_princess_corridor, uniq_edmund
D:6:      layout_gridville, kennysheep_cross_bottleneck
D:7:      layout_basic, minmay_temple_entry_water_ring, uniq_duvessa
D:8:      layout_basic, old_standard_altar, serial_shops, nicolae_square_shop,
          minmay_mini_ossuary, uniq_maggie
D:9:      layout_irregular_city, serial_shops, shop, corexii_corridor_pit,
          uniq_maurice
D:10:     layout_cave_pods, erik_lair_orcish_takeover, skrybe_limestone_x
D:11:     layout_roguey, david_orc_4, uniq_snorg, uniq_nergalle, uniq_harold
Temple:   hellmonk_temple_of_storms
Lair:1:   layout_misc_corridors, dpeg_stationary_puzzle, uniq_erica
Lair:2:   layout_regular_city, elwin_shoals_entry_rooms,
          alex1729_snake_entry_snake, grunt_megastairs_3
Lair:3:   layout_gridlike, infiniplex_staircase_pool_2, uniq_kirke
Lair:4:   layout_gridlike, dpeg_slime_entry_enclosed, serial_bayou_shore_b,
          uniq_josephine
Lair:5:   cheibrodos_lair_end_hotspot, layout_regular_city
Orc:1:    layout_diamond_mine, basic_altar, nicolae_shop_vocational
Orc:2:    grunt_orc_tribal_feast, layout_caves, basic_altar, bh_open_orc_temple

Skill      XL: |  1  2  3  4  5  6  7  8  9 10 11 12 13 14 |
---------------+-------------------------------------------+-----
Axes           | 3 4 5 6 7 9 11 13 14 15 16 | 16.2
Armour         | 2 4 6 7 8 9 |  9.6
Dodging        | 2 4 6 7 8 9 |  9.5
Fighting       | 5 7 8 10 | 10.7
Shapeshifting  | 1 4 5 7 |  7.8

Action                     |  1- 3 |  4- 6 |  7- 9 | 10-12 | 13-15 || total
---------------------------+-------+-------+-------+-------+-------++-------
  Melee: Hand axe          |   142 |   115 |       |       |       ||   257
         Punch             |     1 |     3 |     5 |     1 |       ||    10
         War axe           |       |    19 |   360 |    27 |       ||   406
         Battleaxe         |       |       |       |   419 |   169 ||   588
         Executioner's axe |       |       |       |       |   243 ||   243
  Throw: Dart              |       |       |       |     2 |       ||     2
 Invoke: Berserk           |     2 |     2 |     6 |    12 |     5 ||    27
    Use: Scroll            |       |       |    11 |     6 |     4 ||    21
 Armour: Scale mail        |   107 |    79 |   172 |       |       ||   358
         Animal skin       |     1 |       |       |       |       ||     1
         Acid dragon scale |       |       |    33 |    57 |       ||    90
         Chain mail        |       |       |       |   310 |   401 ||   711
  Dodge: Dodged            |   105 |    75 |   244 |   308 |   312 ||  1044

Table legend: (Time is in decaauts)
 A = Elapsed time spent in this place.
 B = Non-inter-level travel time spent in this place.
 C = Inter-level travel time spent in this place.
 D = Time resting spent in this place.
 E = Time spent auto-exploring this place.
 F = Levels seen in this place.
 G = Mean time per level.
                   A        B        C        D        E       F      G
               +--------+--------+--------+--------+--------+-----+--------+
         Total |  18035 |  17460 |    575 |    906 |  13609 |  20 |  901.8 |
       Dungeon |  10887 |  10563 |    324 |    604 |   8255 |  11 |  989.7 |
        Temple |      1 |      1 |      0 |      0 |      0 |   1 |    1.0 |
          Lair |   6656 |   6422 |    234 |    301 |   4996 |   5 | 1331.2 |
  Orcish Mines |    230 |    213 |     17 |      0 |    153 |   2 |  115.0 |
         Sewer |    259 |    259 |      0 |      0 |    204 |   1 |  259.0 |
               +--------+--------+--------+--------+--------+-----+--------+

Top non-repeatable levels by time:
  Lair:5: 1506 daAuts
  Lair:4: 1411 daAuts
  Lair:2: 1375 daAuts
  Lair:1: 1311 daAuts
     D:8: 1304 daAuts
    D:10: 1247 daAuts
     D:9: 1232 daAuts
     D:4: 1103 daAuts
  Lair:3: 1051 daAuts
     D:6: 1041 daAuts
     D:5: 1015 daAuts
     D:7: 941 daAuts
     D:2: 854 daAuts
    D:11: 823 daAuts
     D:1: 670 daAuts
